 Dungeon Crawl Stone Soup version 0.29.0-4-gdea44cf6ec (webtiles) character file.

Game seed: 13095034259629709586

80 qw the Chopper (level 4, -2/26 HPs)
             Began as a Tengu Warper on Aug 28, 2022.
             Succumbed to an orc wizard's poison
             ... on level 3 of the Dungeon.
             The game lasted 00:00:12 (2265 turns).

qw the Chopper (Tengu Warper)                       Turns: 2265, Time: 00:00:12

Health: -2/26      AC: 10    Str: 10 (13) XL:     4   Next: 39%
Magic:  8/8        EV:  1    Int: 11 (14) God:
Gold:   68         SH:  0    Dex: 12 (13) Spells: 7/7 levels left

rFire   . . .      SeeInvis .   Y - +0 hand axe
rCold   . . .      Faith    .   (no shield)
rNeg    . . .      Spirit   .   j - +0 plate armour
rPois   .          Reflect  .   (helmet restricted)
rElec   .          Harm     .   (no cloak)
rCorr   .          Rampage  .   (no gloves)
Will    .....                   (boots unavailable)
Stlth   ..........              (no amulet)
HPRegen 0.08/turn               (no ring)
MPRegen 0.11/turn               (no ring)

@: lethally poisoned (-2 -> -31), about to teleport
A: beak, talons 3
a: no special abilities


You were on level 3 of the Dungeon.
You visited 1 branch of the dungeon, and saw 3 of its levels.

You collected 68 gold pieces.


Innate Abilities, Weirdness & Mutations

You have a beak for a mouth.
You have claws for feet.


   Skills:
 - Level 2.0 Fighting
 - Level 4.9 Axes
 - Level 1.0 Throwing
 + Level 1.3 Armour
 - Level 2.1 Dodging
 - Level 2.0 Spellcasting
 - Level 2.4 Translocations


You had 7 spell levels left.
You didn't know any spells.
Your spell library contained the following spells:

 Spells                   Type           Power      Damage    Failure   Level
 Blink                    Tloc           12%        N/A       100%        2
 Gell's Gravitas          Tloc           6%         N/A       100%        3
 Lesser Beckoning         Tloc           6%         N/A       100%        3
 Teleport Other           Tloc           6%         N/A       100%        3
 Manifold Assault         Tloc           6%         N/A       100%        5

Inventory:

Hand Weapons
 d - a +0 whip
 Y - a +0 hand axe (weapon)
Armour
 j - a +0 plate armour (worn)
Jewellery
 c - a ring of fire
Potions
 b - a potion of magic {unknown}
 f - a potion of attraction {unknown}
 h - a potion of resistance {unknown}
 i - a potion of might {unknown}
 l - a potion of curing

Dungeon Overview and Level Annotations

Branches:
Dungeon (3/15)

Altars:


Message History

You hit the orc but do no damage. You hit the orc but do no damage.
You peck the orc.
The orc is severely wounded.
The orc hits you with a +0 dagger.
You hit the orc but do no damage. You peck the orc, but do no damage.
The orc is severely wounded.
You hit the orc. You hit the orc but do no damage. You claw the orc.
You kill the orc!
You closely miss the orc. You hit the orc.
You kill the orc!
You hit the orc wizard.
The orc wizard hits you but does no damage.
You are poisoned.
You closely miss the orc wizard. You peck the orc wizard.
The orc wizard is lightly wounded.
You feel very sick.
The orc wizard hits you but does no damage.
You are lethally poisoned!
You closely miss the orc wizard. Your kick misses the orc wizard.
Your peck misses the orc wizard.
The orc wizard is lightly wounded.
You feel very sick.
The orc wizard hits you but does no damage.
You are more poisoned.
You hit the orc wizard.
The orc wizard is moderately wounded.
You feel extremely sick.
The orc wizard hits you but does no damage.
You are more poisoned.
You barely miss the orc wizard.
The orc wizard is moderately wounded.
You feel very sick.
The orc wizard hits you but does no damage.
You are more poisoned.
2265 ||| READING scroll of teleportation.
As you read the scroll of teleportation, it crumbles to dust.
You feel strangely unstable.
You die...

..?# ##.###....#
#... #..##....#
#.#.# ##.##....#
#....###.(.....#
.....####.....#
#...####.....#
#....##......#
#..........#
#@)........#
#o###......#
#...# ##%.#####
o$..#.. #......#
#.o#####.#
#......# .. !.
#......#
#.##......#
.##......#
.##......#


You could see an orc wizard.

Vanquished Creatures
  Robin (D:2)
  An adder (D:2)
  A worm (D:2)
  4 dart slugs (D:1)
  2 orcs (D:3)
  2 ball pythons
  5 bats
  3 endoplasms
  A giant cockroach (D:1)
  9 goblins
  4 hobgoblins
  2 jackals (D:1)
  4 kobolds (D:1)
  2 frilled lizards
  4 rats
45 creatures vanquished.

Notes
Turn   | Place    | Note
-------+----------+-------------------------------------------
     0 | D:1      | qw the Tengu Warper began the quest for the Orb.
     0 | D:1      | Reached XP level 1. HP: 12/12 MP: 4/4
     0 | D:1      | 0 ||| qw: Version: 0.1-a-89-g26bdef1
     0 | D:1      | 0 ||| qw: Game counter: 1623
     0 | D:1      | 0 ||| qw: Always use a shield: true
     0 | D:1      | 0 ||| qw: God list: Okawaru
     0 | D:1      | 0 ||| qw: Allow faded altars: false
     0 | D:1      | 0 ||| qw: Do Orc after D:15 true
     0 | D:1      | 0 ||| qw: Do second Lair branch before Depths: true
     0 | D:1      | 0 ||| qw: Lair rune preference: random
     0 | D:1      | 0 ||| qw: Plans: Normal
     0 | D:1      | 0 ||| PLANNING D:1-11
    14 | D:1      | 14 ||| Stepping ~*~*~tactically~*~*~ (stealth).
   218 | D:1      | 218 ||| Stepping ~*~*~tactically~*~*~ (hiding).
   344 | D:1      | 344 ||| Stepping ~*~*~tactically~*~*~ (stealth).
   345 | D:1      | 345 ||| Stepping ~*~*~tactically~*~*~ (stealth).
   353 | D:1      | HP: 1/12 [kobold/+0 short sword (3)]
   355 | D:1      | Reached XP level 2. HP: 2/17 MP: 6/6
   357 | D:1      | Reached skill level 3 in Axes
   835 | D:1      | Reached XP level 3. HP: 17/21 MP: 7/7
   996 | D:1      | Found a faded altar of an unknown god.
  1144 | D:1      | Reached skill level 4 in Axes
  1208 | D:1      | 1208 ||| UPGRADING to +0 ring mail.
  1218 | D:1      | 1218 ||| DROPPING +0 leather armour.
  1219 | D:1      | 1219 ||| UPGRADING to +0 scale mail.
  1229 | D:1      | 1229 ||| DROPPING +0 ring mail.
  1230 | D:1      | 1230 ||| READING 2 scrolls labelled QYMEPP LYKOCZACS.
  1234 | D:1      | 1234 ||| DROPPING scroll of blinking.
  1784 | D:2      | Noticed Robin
  1785 | D:2      | 1785 ||| Stepping ~*~*~tactically~*~*~ (stealth).
  1794 | D:2      | Reached XP level 4. HP: 19/26 MP: 8/8
  1825 | D:2      | 1825 ||| Stepping ~*~*~tactically~*~*~ (stealth).
  1835 | D:2      | Killed Robin
  1940 | D:2      | 1940 ||| Stepping ~*~*~tactically~*~*~ (stealth).
  1941 | D:2      | 1941 ||| Stepping ~*~*~tactically~*~*~ (stealth).
  2160 | D:2      | 2160 ||| UPGRADING to +0 plate armour.
  2170 | D:2      | 2170 ||| DROPPING +0 scale mail.
  2171 | D:2      | 2171 ||| READING scroll labelled NOTA ATITUNUTE.
  2172 | D:2      | 2172 ||| READING scroll labelled GAEPTI UMEAZ.
  2173 | D:2      | 2173 ||| DRINKING 2 emerald potions.
  2174 | D:2      | 2174 ||| DRINKING 2 fizzy pink potions.
  2175 | D:2      | 2175 ||| DROPPING potion of degeneration.
  2176 | D:2      | 2176 ||| READING 2 scrolls of teleportation.
  2250 | D:3      | 2250 ||| Stepping ~*~*~tactically~*~*~ (stealth).
  2253 | D:3      | 2253 ||| Stepping ~*~*~tactically~*~*~ (hiding).
  2264 | D:3      | HP: 4/26 [poisoned by an orc wizard]
  2265 | D:3      | 2265 ||| READING scroll of teleportation.
  2265 | D:3      | Succumbed to an orc wizard's poison

Levels and vault maps discovered:
D:1:      onia_arrival_pyramid, layout_basic,
          hellmonk_ecumenical_altar_leap_of_faith
D:2:      layout_loops_ring, grunt_decor_resistance, uniq_robin
D:3:      layout_rooms, nicolae_overflow_hallway_of_the_gods,
          gammafunk_temple_overflow_elements

Skill      XL: |  1  2  3 |
---------------+----------+-----
Axes           | 3 4 |  4.9
Fighting       | |  2.0
Throwing       | |  1.0
Armour         | |  1.3
Dodging        | |  2.1
Spellcasting   | |  2.0
Translocations | |  2.4

Action                   |  1- 3 |  4- 6 || total
-------------------------+-------+-------++-------
Melee: Hand axe          |    85 |    25 ||   110
       Kick              |    18 |     6 ||    24
       Peck              |    12 |     8 ||    20
       Punch             |     1 |       ||     1
Throw: Boomerang         |     7 |       ||     7
  Use: Scroll            |     1 |     4 ||     5
       Potion            |       |     2 ||     2
Armor: Leather armour    |    12 |       ||    12
       Scale mail        |     7 |     2 ||     9
       Plate armour      |       |     7 ||     7
Dodge: Dodged            |    44 |     3 ||    47

Table legend:
 A = Non-vault XP
 B = Vault XP
 C = Vault XP percentage of total XP
 D = Non-vault monster count
 E = Vault monster count
 F = Vault count percentage of total count
                 A         B        C        D         E       F
            +---------+---------+-------+---------+---------+-------
      Total |      85 |      30 |  26.1 |      36 |       9 |  20.0
            +---------+---------+-------+---------+---------+-------
        D:1 |      49 |       0 |   0.0 |      23 |       0 |   0.0
        D:2 |      28 |      30 |  51.7 |       9 |       9 |  50.0
        D:3 |       8 |       0 |   0.0 |       4 |       0 |   0.0
            +---------+---------+-------+---------+---------+-------
